 Dungeon Crawl Stone Soup version 0.29.0-4-gdea44cf6ec (webtiles) character file.

Game seed: 12949315621217121886

468 RascalDebosk the Chopper (level 6, -1/84 HPs)
             Began as a Minotaur Berserker on Aug 27, 2022.
             Was a Priest of Trog.
             Succumbed to a water moccasin's poison
             ... on level 4 of the Dungeon on Aug 28, 2022.
             The game lasted 00:29:59 (4753 turns).

RascalDebosk the Chopper (Minotaur Berserker)       Turns: 4753, Time: 00:30:00

Health: -1/84      AC:  8    Str: 22    XL:     6   Next: 81%
Magic:  5/5        EV: 11    Int:  4    God:    Trog [***...]
Gold:   149        SH:  5    Dex: 11    Spells: 5/5 levels left

rFire   . . .      SeeInvis .   a - +0 hand axe
rCold   . . .      Faith    .   (no shield)
rNeg    . . .      Spirit   .   j - +0 scale mail
rPois   .          Reflect  +   (helmet restricted)
rElec   .          Harm     .   l - +0 cloak
rCorr   .          Rampage  .   (no gloves)
Will    .....                   (no boots)
Stlth   ..........              o - amulet of reflection
HPRegen 0.24/turn               (no ring)
MPRegen 0.09/turn               (no ring)

@: berserking (expiring), lethally poisoned (-1 -> -10), very quick
A: horns 2, retaliatory headbutt
a: Renounce Religion, Berserk, Trog's Hand


You were on level 4 of the Dungeon.
You worshipped Trog.
Trog was most pleased with you.
You visited 1 branch of the dungeon, and saw 4 of its levels.

You collected 149 gold pieces.

Inventory:

Hand Weapons
 a - a +0 hand axe (weapon)
Missiles
 i - 8 poisoned darts (quivered)
 r - 5 javelins
Armour
 j - a +0 scale mail (worn)
 l - a +0 cloak (worn)
Jewellery
 o - an amulet of reflection (around neck)
Wands
 k - a wand of charming (6)
Scrolls
 c - 7 scrolls of identify {unknown}
 g - 2 scrolls of teleportation {unknown}
 m - a scroll of poison {unknown}
 p - a scroll of amnesia {unknown}
 q - a scroll of immolation {unknown}
Potions
 b - a potion of degeneration {unknown}
 d - 3 potions of flight {unknown}
 e - 2 potions of curing {unknown}
 f - 2 potions of cancellation {unknown}
 h - a potion of haste {unknown}
 n - a potion of heal wounds {unknown}


   Skills:
 + Level 5.0 Fighting
 + Level 5.0 Axes
 + Level 2.5 Throwing
 + Level 4.1 Armour
 + Level 3.9 Dodging
 + Level 2.3 Evocations


You had 5 spell levels left.
You didn't know any spells.
Your spell library was empty.

Dungeon Overview and Level Annotations

Branches:
Dungeon (4/15)
 Temple: D:4-7

Altars:
Sif Muna


Innate Abilities, Weirdness & Mutations

You have a pair of horns on your head.
You reflexively headbutt those who attack you in melee.


Message History

The water moccasin is moderately wounded.
The water moccasin barely misses you.
You completely miss the water moccasin.
The water moccasin is moderately wounded.
The water moccasin bites you but does no damage.
The water moccasin bites you.
* * * LOW HITPOINT WARNING * * *
You are poisoned.
The water moccasin poisons you!
A red film seems to cover your vision as you go berserk!
You feel yourself moving faster!
You feel mighty!
You feel very sick. The water moccasin bites you!
* * * LOW HITPOINT WARNING * * *
You are lethally poisoned!
The water moccasin poisons you!
You slash the water moccasin!
Your headbutt misses the water moccasin.
The water moccasin is severely wounded.
* * * LOW HITPOINT WARNING * * *
You feel very sick. The water moccasin barely misses you.
You hit the water moccasin. You headbutt the water moccasin!
You kill the water moccasin!
Trog accepts your kill.
* * * LOW HITPOINT WARNING * * *
You feel sick.
Your Fighting skill increases to level 5!
Your Axes skill increases to level 5!
Your Armour skill increases to level 4!
Okay, then.
You are too berserk!
There is a lethal amount of poison in your body!
There is a lethal amount of poison in your body!
There is a lethal amount of poison in your body!
* * * LOW HITPOINT WARNING * * *
You feel sick.
You feel a strong urge to attack something.
* * * LOW HITPOINT WARNING * * *
You feel sick.
You die...

..##...<........... ##.#
##............## #..#
#..........#..# #####..
##..###....###.#
#.....####....###...###..
#.....##.....###....#...
##.†#....##...###.......
#..##..#####..##.......
#.. #.@.# #....#......
#.. #.....###........##
#..#..#.....#....#..###
#.....###......####.###
.....## ###.....# #..##
#.....## ###.##.# #..#.
#.####..##...###+###+###
.# #......#..#.(.....
##..###.#..#.......


There were no monsters in sight!

Vanquished Creatures
  A water moccasin (D:4)
  A black bear (D:4)
  A necrophage (D:3)
  A jelly (D:4)
  Robin (D:3)
  4 adders
  A shadow imp (D:4)
  3 ufetubi (D:4)
  2 worms (D:3)
  3 dart slugs
  4 orcs
  9 ball pythons
  6 endoplasms
  3 giant cockroaches
  11 goblins
  7 hobgoblins
  4 jackals (D:4)
  7 kobolds
  4 quokkas
  7 bats
  4 frilled lizards
  7 rats
91 creatures vanquished.

Vanquished Creatures (others)
  2 demonic plants (D:4)
2 creatures vanquished.

Grand Total: 93 creatures vanquished

Notes
Turn   | Place    | Note
-------+----------+-------------------------------------------
     0 | D:1      | RascalDebosk the Minotaur Berserker began the quest for the
                  | Orb.
     0 | D:1      | Reached XP level 1. HP: 19/19 MP: 0/0
   551 | D:1      | Reached XP level 2. HP: 27/27 MP: 1/1
  2049 | D:2      | Reached XP level 3. HP: 33/33 MP: 2/2
  2947 | D:3      | Reached ** piety under Trog
  2950 | D:3      | Reached skill level 1 in Throwing
  2950 | D:3      | Reached skill level 1 in Evocations
  3130 | D:3      | Noticed Robin
  3134 | D:3      | Reached XP level 4. HP: 39/40 MP: 3/3
  3141 | D:3      | Killed Robin
  3479 | D:3      | Noticed a necrophage
  3485 | D:3      | Killed a necrophage
  3486 | D:3      | Reached XP level 5. HP: 47/47 MP: 4/4
  4017 | D:4      | Found a shimmering blue altar of Sif Muna.
  4214 | D:4      | Noticed a black bear
  4220 | D:4      | Killed a black bear
  4221 | D:4      | Reached XP level 6. HP: 53/53 MP: 5/5
  4280 | D:4      | Reached *** piety under Trog
  4733 | D:4      | Noticed a water moccasin
  4750 | D:4      | Killed a water moccasin
  4750 | D:4      | HP: 4/82 [poisoned by a water moccasin]
  4751 | D:4      | Reached skill level 5 in Fighting
  4751 | D:4      | Reached skill level 5 in Axes
  4752 | D:4      | HP: 1/84 [poisoned by a water moccasin]
  4753 | D:4      | Succumbed to a water moccasin's poison

Illustrated notes

Levels and vault maps discovered:
D:1:      tarquinn_simple_flora_water_c, layout_basic, grunt_decor_mini_mirrors,
          minmay_heptomino_h4
D:2:      layout_basic, skrybe_limestone_x, kennysheep_cross_bottleneck,
          serial_bayou_pond_d
D:3:      minmay_chambers_of_threes, layout_loops_ring, uniq_robin
D:4:      layout_layer_cave, mainiacjoe_overflow_24_doors, serial_demonic,
          serial_demonic_a, serial_demonic_g, serial_demonic_e, serial_demonic_b

Skill      XL: |  1  2  3  4  5  6 |
---------------+-------------------+-----
Fighting       | 4 5 |  5.0
Axes           | 4 5 |  5.0
Throwing       | 1 2 |  2.5
Armour         | 3 4 |  4.1
Evocations     | 1 2 |  2.3
Dodging        | 3 |  3.9

Action                   |  1- 3 |  4- 6 || total
-------------------------+-------+-------++-------
Melee: Hand axe          |    76 |   103 ||   179
       Headbutt          |     6 |    17 ||    23
       Punch             |     1 |     2 ||     3
Throw: Dart              |     3 |     3 ||     6
Invok: Trog's Hand       |     1 |       ||     1
       Berserk           |       |     3 ||     3
Armor: Animal skin       |     7 |       ||     7
       Robe              |     3 |       ||     3
       Scale mail        |    30 |    37 ||    67
Dodge: Dodged            |    70 |    48 ||   118
Block: Other             |       |    22 ||    22
